PAA
TACOMA FUR TRADERS @ MERCER ISLAND SCREAMING EAGLES
09/13/2026
 
TOP OF THE 1ST
Tacoma Fur Traders batting - Pitching for Mercer Island Screaming Eagles : RHP Fernando Reyna
Pitching: RHP Fernando Reyna
Batting: RHB Andy Moore 0-0: Ball
1-0: Swinging Strike
1-1: Called Strike
1-2: Strikes out looking
Batting: RHB Luis Flores 0-0: Swinging Strike
0-1: Foul Ball, location: 2F
0-2: Ball
1-2: Strikes out swinging
Batting: SHB Enrique Costello 0-0: Ball
1-0: Foul Ball, location: 2F
1-1: SINGLE (Line Drive, 7S)
Batting: RHB Xavier Pérez 0-0: Called Strike
0-1: Ball
1-1: Ball
2-1: Called Strike
2-2: Foul Ball, location: 2F
2-2: Ball
3-2: Foul Ball, location: 2F
Error on foul ball, E3
3-2: Foul Ball, location: 2F
3-2: Foul Ball, location: 2F
3-2: SINGLE (Line Drive, 7LM)
Enrique Costello to second
Enrique Costello to third
Batting: LHB Felipe Trujillo 0-0: Ball
1-0: Ball
2-0: DOUBLE (Flyball, 89D)
Enrique Costello scores
Xavier Pérez to third
Runner from 3rd tries for Home, SAFE, no throw
Batting: LHB Michael Whorton 0-0: Ball
1-0: Ball
2-0: DOUBLE (Line Drive, 89D)
Felipe Trujillo scores
Batting: RHB Tim Lehman 0-0: Ball
1-0: Ground out 5-3 (Groundball, 56)
Top of the 1st over - 3 run(s), 4 hit(s), 1 error(s), 1 left on base; Tacoma 3 - Mercer Island 0
BOTTOM OF THE 1ST
Mercer Island Screaming Eagles batting - Pitching for Tacoma Fur Traders : LHP César González
Pitching: LHP César González
Batting: RHB Steve Irwin 0-0: Ground out 6-3 (Groundball, 6S)
Batting: RHB Luis Jiménez 0-0: Ball
1-0: Ball
2-0: Ball
3-0: Called Strike
3-1: Fly out, F9 (Flyball, 9)
Batting: RHB Leonardo Ramírez 0-0: Ball
1-0: Ball
2-0: Called Strike
2-1: Ball
3-1: Fly out, F9 (Line Drive, 9)
Bottom of the 1st over - 0 run(s), 0 hit(s), 0 error(s), 0 left on base; Tacoma 3 - Mercer Island 0
TOP OF THE 2ND
Tacoma Fur Traders batting - Pitching for Mercer Island Screaming Eagles : RHP Fernando Reyna
Batting: SHB Carlos Alicea 0-0: Ball
1-0: Fly out, F7 (Flyball, 7LS)
Batting: RHB Britt Lynch 0-0: Called Strike
0-1: Foul Ball, location: 2F
0-2: Ball
1-2: Strikes out swinging
Batting: RHB Andy Moore 0-0: Ground out 6-3 (Groundball, 6)
Top of the 2nd over - 0 run(s), 0 hit(s), 0 error(s), 0 left on base; Tacoma 3 - Mercer Island 0
BOTTOM OF THE 2ND
Mercer Island Screaming Eagles batting - Pitching for Tacoma Fur Traders : LHP César González
Batting: SHB Stephen Dowell 0-0: Swinging Strike
0-1: Ground out 5-3 (Groundball, 56)
Batting: RHB Marcos Reyes 0-0: Called Strike
0-1: Ground out 1-3 (Groundball, 15S)
Batting: RHB Wade Killefer 0-0: Called Strike
0-1: Foul Ball, location: 2F
0-2: Foul Ball, location: 2F
0-2: Foul Ball, location: 2F
0-2: Ground out 6-3 (Groundball, 6)
Bottom of the 2nd over - 0 run(s), 0 hit(s), 0 error(s), 0 left on base; Tacoma 3 - Mercer Island 0
TOP OF THE 3RD
Tacoma Fur Traders batting - Pitching for Mercer Island Screaming Eagles : RHP Fernando Reyna
Batting: RHB Luis Flores 0-0: Called Strike
0-1: Ball
1-1: SINGLE (Line Drive, 89M)
Batting: SHB Enrique Costello 0-0: Ball
1-0: Ball
2-0: Called Strike
2-1: Grounds into double play, 4-6-3 (Groundball, 4M)
Batting: RHB Xavier Pérez 0-0: Foul Ball, location: 2F
0-1: Called Strike
0-2: Foul Ball, location: 2F
0-2: Strikes out swinging
Top of the 3rd over - 0 run(s), 1 hit(s), 0 error(s), 0 left on base; Tacoma 3 - Mercer Island 0
BOTTOM OF THE 3RD
Mercer Island Screaming Eagles batting - Pitching for Tacoma Fur Traders : LHP César González
Batting: RHB Robert Paulsen 0-0: Ball
1-0: Ball
2-0: Foul Ball, location: 2F
2-1: Bunted foul
2-2: Ball
3-2: Ground out 1-3 (Groundball, 13)
Batting: RHB Ron Gérard 0-0: Fly out, F9 (Line Drive, 89M)
Batting: LHB Mike Russell 0-0: Called Strike
0-1: Foul Ball, location: 2F
0-2: Ball
1-2: Ball
2-2: Ball
3-2: DOUBLE (Line Drive, 89D) - OUT at third base trying to stretch hit.
Bottom of the 3rd over - 0 run(s), 1 hit(s), 0 error(s), 0 left on base; Tacoma 3 - Mercer Island 0
TOP OF THE 4TH
Tacoma Fur Traders batting - Pitching for Mercer Island Screaming Eagles : RHP Fernando Reyna
Batting: LHB Felipe Trujillo 0-0: Ball
1-0: Foul Ball, location: 2F
1-1: Ball
2-1: Fly out, F9 (Line Drive, 9)
Batting: LHB Michael Whorton 0-0: Foul Ball, location: 2F
0-1: Foul Ball, location: 2F
0-2: Ball
1-2: Foul Ball, location: 2F
1-2: Ball
2-2: Ball
3-2: Base on Balls
Batting: RHB Tim Lehman 0-0: Called Strike
0-1: Ball
1-1: Called Strike
1-2: Strikes out swinging
Batting: SHB Carlos Alicea 0-0: Ball
1-0: Called Strike
1-1: Fly out, F6 (Popup, 4MD)
Top of the 4th over - 0 run(s), 0 hit(s), 0 error(s), 1 left on base; Tacoma 3 - Mercer Island 0
BOTTOM OF THE 4TH
Mercer Island Screaming Eagles batting - Pitching for Tacoma Fur Traders : LHP César González
Batting: RHB Steve Irwin 0-0: Ball
1-0: Fly out, F8 (Flyball, 8LM)
Batting: RHB Luis Jiménez 0-0: Called Strike
0-1: Called Strike
0-2: Ball
1-2: Ball
2-2: Ball
3-2: Foul Ball, location: 2F
3-2: Strikes out swinging
Batting: RHB Leonardo Ramírez 0-0: Ball
1-0: Fly out, F8 (Flyball, 8RM)
Bottom of the 4th over - 0 run(s), 0 hit(s), 0 error(s), 0 left on base; Tacoma 3 - Mercer Island 0
TOP OF THE 5TH
Tacoma Fur Traders batting - Pitching for Mercer Island Screaming Eagles : RHP Fernando Reyna
Batting: RHB Britt Lynch 0-0: Ball
1-0: Ball
2-0: Ball
3-0: Called Strike
3-1: Base on Balls
Batting: RHB Andy Moore 0-0: Called Strike
0-1: Ball
1-1: Swinging Strike
Britt Lynch is caught stealing 2nd base
1-2: Ball
2-2: DOUBLE (Line Drive, 89M)
Batting: RHB Luis Flores 0-0: Ball
1-0: Called Strike
1-1: Ball
2-1: Ground out 5-3 (Groundball, 56)
Batting: SHB Enrique Costello 0-0: Ball
1-0: Ball
2-0: Ball
3-0: Called Strike
3-1: Ground out 4-3 (Groundball, 4)
Top of the 5th over - 0 run(s), 1 hit(s), 0 error(s), 1 left on base; Tacoma 3 - Mercer Island 0
BOTTOM OF THE 5TH
Mercer Island Screaming Eagles batting - Pitching for Tacoma Fur Traders : LHP César González
Batting: SHB Stephen Dowell 0-0: Swinging Strike
0-1: Called Strike
0-2: Foul Ball, location: 2F
0-2: Foul Ball, location: 2F
0-2: Foul Ball, location: 2F
0-2: Ball
1-2: Ball
2-2: Foul Ball, location: 2F
2-2: Fly out, F9 (Line Drive, 9)
Batting: RHB Marcos Reyes 0-0: Called Strike
0-1: Ball
1-1: Swinging Strike
1-2: Strikes out swinging
Batting: RHB Wade Killefer 0-0: Ball
1-0: Called Strike
1-1: Ball
2-1: Fly out, F9 (Flyball, 89S)
Bottom of the 5th over - 0 run(s), 0 hit(s), 0 error(s), 0 left on base; Tacoma 3 - Mercer Island 0
TOP OF THE 6TH
Tacoma Fur Traders batting - Pitching for Mercer Island Screaming Eagles : RHP Fernando Reyna
Batting: RHB Xavier Pérez 0-0: Ball
1-0: SOLO HOME RUN (Flyball, 7D), Distance : 374 ft
Batting: LHB Felipe Trujillo 0-0: Called Strike
0-1: Ball
1-1: Foul Ball, location: 2F
1-2: Foul Ball, location: 2F
1-2: Foul Ball, location: 2F
1-2: Strikes out looking
Batting: LHB Michael Whorton 0-0: Ball
1-0: Swinging Strike
1-1: Ball
2-1: Called Strike
2-2: Ball
3-2: Base on Balls
Batting: RHB Tim Lehman 0-0: Ball
1-0: Called Strike
1-1: SINGLE (Line Drive, 34)
Michael Whorton to second
Batting: SHB Carlos Alicea 0-0: Called Strike
0-1: Ball
1-1: Called Strike
1-2: Ball
2-2: SINGLE (Line Drive, 7LM)
Michael Whorton to third
Tim Lehman to second
Pitching: RHP Greg Davis
Batting: RHB Britt Lynch 0-0: Called Strike
0-1: Ball
1-1: Ball
2-1: Ball
3-1: Foul Ball, location: 2F
3-2: Strikes out swinging
Batting: RHB Andy Moore 0-0: Foul Ball, location: 2F
0-1: Called Strike
0-2: Foul Ball, location: 2F
0-2: Ball
1-2: SINGLE (Line Drive, 9LS)
Michael Whorton scores
Tim Lehman to third
Carlos Alicea to second
Runner from 3rd tries for Home, SAFE, no throw
Batting: RHB Luis Flores 0-0: Ball
1-0: Called Strike
1-1: Ball
2-1: Foul Ball, location: 2F
2-2: Strikes out looking
Top of the 6th over - 3 run(s), 4 hit(s), 0 error(s), 2 left on base; Tacoma 6 - Mercer Island 0
BOTTOM OF THE 6TH
Mercer Island Screaming Eagles batting - Pitching for Tacoma Fur Traders : LHP César González
Batting: RHB Robert Paulsen 0-0: Foul Ball, location: 2F
0-1: Ball
1-1: Foul Ball, location: 2F
Error on foul ball, E2
1-2: SINGLE (Groundball, 6D)
Batting: RHB Ron Gérard 0-0: Ball
1-0: Ground out U3 (Groundball, 34S)
Robert Paulsen to second
Batting: LHB Mike Russell 0-0: Ball
1-0: SINGLE (Groundball, 34) (infield hit)
Robert Paulsen to third
Batting: RHB Steve Irwin 0-0: Ball
1-0: Foul Ball, location: 2F
1-1: Foul Ball, location: 2F
1-2: DOUBLE (Line Drive, 7LS)
Robert Paulsen scores
Mike Russell to third
Batting: RHB Luis Jiménez 0-0: Ball
1-0: Ball
2-0: Called Strike
2-1: Foul Ball, location: 2F
2-2: Strikes out looking
Batting: RHB Leonardo Ramírez 0-0: 3-RUN HOME RUN (Flyball, 7D), Distance : 381 ft
Batting: SHB Stephen Dowell 0-0: Ball
1-0: Ball
2-0: Called Strike
2-1: Foul Ball, location: 2F
2-2: Ball
3-2: SOLO HOME RUN (Flyball, 8RXD), Distance : 441 ft
Batting: RHB Marcos Reyes 0-0: Ball
1-0: Foul Ball, location: 2F
1-1: Foul Ball, location: 2F
1-2: Ball
2-2: Ground out 6-3 (Groundball, 6)
Bottom of the 6th over - 5 run(s), 5 hit(s), 1 error(s), 0 left on base; Tacoma 6 - Mercer Island 5
TOP OF THE 7TH
Tacoma Fur Traders batting - Pitching for Mercer Island Screaming Eagles : RHP Greg Davis
Batting: SHB Enrique Costello 0-0: Ball
1-0: Called Strike
1-1: Ground out 4-3 (Groundball, 4)
Batting: RHB Xavier Pérez 0-0: Foul Ball, location: 2F
0-1: Swinging Strike
0-2: SINGLE (Line Drive, 6MD)
Batting: LHB Felipe Trujillo 0-0: Ball
1-0: Called Strike
1-1: Ball
2-1: Fielders Choice at 2nd, 1-6 (Groundball, 13S)
Batting: LHB Michael Whorton 0-0: Ball
1-0: Ball
2-0: Ball
3-0: Called Strike
3-1: Called Strike
3-2: Ground out 4-3 (Groundball, 34)
Top of the 7th over - 0 run(s), 1 hit(s), 0 error(s), 1 left on base; Tacoma 6 - Mercer Island 5
BOTTOM OF THE 7TH
Mercer Island Screaming Eagles batting - Pitching for Tacoma Fur Traders : LHP César González
Batting: RHB Wade Killefer 0-0: Called Strike
0-1: SINGLE (Groundball, 6S) (infield hit)
Batting: RHB Robert Paulsen 0-0: Sac Bunt - play at first, batter OUT! 1-4
Wade Killefer to second
Pinch Hitting: RHB Gerjan de Best 0-0: Swinging Strike
0-1: Ball
1-1: Ball
2-1: Ball
3-1: Base on Balls
Pinch Hitting: RHB Dimian Menres 0-0: Called Strike
0-1: Ball
1-1: Called Strike
1-2: Fly out, F2 (Popup, P)
Batting: RHB Steve Irwin 0-0: Ball
1-0: Ball
2-0: Ball
3-0: Base on Balls
Wade Killefer to third
Gerjan de Best to second
Batting: RHB Luis Jiménez 0-0: Ball
1-0: Called Strike
1-1: Fielders Choice at 2nd, U6 (Groundball, 6M)
Bottom of the 7th over - 0 run(s), 1 hit(s), 0 error(s), 3 left on base; Tacoma 6 - Mercer Island 5
TOP OF THE 8TH
Tacoma Fur Traders batting - Pitching for Mercer Island Screaming Eagles : RHP Greg Davis
Now in LF: Jim Unknown
Now in RF: Dimian Menres
Batting: RHB Tim Lehman 0-0: Swinging Strike
0-1: Foul Ball, location: 2F
0-2: Ball
1-2: Fly out, F8 (Flyball, 8LM)
Batting: SHB Carlos Alicea 0-0: Swinging Strike
0-1: Called Strike
0-2: Fly out, F9 (Flyball, 9)
Batting: RHB Britt Lynch 0-0: Ball
1-0: Ball
2-0: Called Strike
2-1: Foul Ball, location: 2F
2-2: Ball
3-2: Foul Ball, location: 2F
3-2: Base on Balls
Batting: RHB Andy Moore 0-0: Foul Ball, location: 2F
0-1: Ball
1-1: Foul Ball, location: 2F
1-2: Ball
2-2: Ball
3-2: Base on Balls
Britt Lynch to second
Pitching: RHP Ricardo Gómez
Batting: RHB Luis Flores 0-0: Fly out, F5 (Popup, 5S)
Top of the 8th over - 0 run(s), 0 hit(s), 0 error(s), 2 left on base; Tacoma 6 - Mercer Island 5
BOTTOM OF THE 8TH
Mercer Island Screaming Eagles batting - Pitching for Tacoma Fur Traders : LHP César González
Pitching: RHP Brooks Dempsey
Batting: RHB Leonardo Ramírez 0-0: Called Strike
0-1: Ball
1-1: Swinging Strike
1-2: Ball
2-2: Fly out, F8 (Flyball, 8LD)
Pitching: LHP Pedro Pérez
Batting: SHB Stephen Dowell 0-0: Foul Ball, location: 2F
0-1: Ball
1-1: Swinging Strike
1-2: Ball
2-2: Strikes out looking
Pitching: RHP Howard Ritchie
Batting: RHB Marcos Reyes 0-0: Swinging Strike
0-1: Foul Ball, location: 2F
0-2: Ball
1-2: SINGLE (Line Drive, 3)
Batting: RHB Wade Killefer 0-0: Ball
1-0: Ball
2-0: Fielders Choice at 2nd, 5-4 (Groundball, 56)
Bottom of the 8th over - 0 run(s), 1 hit(s), 0 error(s), 0 left on base; Tacoma 6 - Mercer Island 5
TOP OF THE 9TH
Tacoma Fur Traders batting - Pitching for Mercer Island Screaming Eagles : RHP Ricardo Gómez
Batting: SHB Enrique Costello 0-0: Ball
1-0: Ball
2-0: Foul Ball, location: 2F
2-1: Ball
3-1: Swinging Strike
3-2: SINGLE (Line Drive, 7S)
Batting: RHB Xavier Pérez 0-0: Ball
1-0: Fly out, F7 (Flyball, 78D)
Batting: LHB Felipe Trujillo 0-0: Ball
1-0: Called Strike
1-1: Ball
2-1: Ball
3-1: Base on Balls
Enrique Costello to second
Batting: LHB Michael Whorton 0-0: Foul Ball, location: 2F
0-1: Swinging Strike
0-2: Fly out, F9 (Line Drive, 9)
Lined into DP, 9-6 (Line Drive, 9)
Top of the 9th over - 0 run(s), 1 hit(s), 0 error(s), 1 left on base; Tacoma 6 - Mercer Island 5
BOTTOM OF THE 9TH
Mercer Island Screaming Eagles batting - Pitching for Tacoma Fur Traders : RHP Howard Ritchie
Pitching: RHP Jeff Pearce
Batting: RHB Robert Paulsen 0-0: Swinging Strike
0-1: Fly out, F8 (Flyball, 8LM)
Pinch Hitting: LHB Miguel Pacheco 0-0: DOUBLE (Line Drive, 7LS)
Batting: RHB Dimian Menres 0-0: Foul Ball, location: 2F
0-1: SINGLE (Groundball, 56D) - runner OUT being hit by batted ball.
Batting: RHB Steve Irwin 0-0: Ball
1-0: Fly out, F7 (Line Drive, 78M)
Bottom of the 9th over - 0 run(s), 2 hit(s), 0 error(s), 1 left on base; Tacoma 6 - Mercer Island 5
Monday, March 20th, 2017 - OOTP Baseball 17.12 Build 75